Map: Dusk Towers

Players

Strange - Winner!

  • Race: Protoss Protoss
  • League: Grandmaster

Miszu

  • Race: Terran Terran
  • League: Grandmaster

VOD

Have the link to the VOD?

Description

Time

  • Played on: Feb. 23, 2016, 2:21 p.m.
  • Length: 8:00
Show
View Real Time Build Order
Export as new Build Order

Strange Protoss - Winner!

Build Orders: 1 Gate Expand, Blink Stalkers 

Get SALT Encoding   

  12  0:01  Probe (Chrono Boost)  
  13  0:11  Probe (Chrono Boost)  
  14  0:17  Pylon  
  14  0:22  Probe (Chrono Boost)  
  15  0:35  Probe (Chrono Boost)  
  16  0:37  Gateway  
  16  0:42  Assimilator  
  16  0:45  Probe (Chrono Boost)  
  17  0:56  Probe (Chrono Boost)  
  18  1:07  Probe (Chrono Boost)  
  19  1:17  Probe (Chrono Boost)  
  20  1:24  Nexus  
  20  1:35  Cybernetics Core  
  20  1:37  Probe (Chrono Boost)  
  21  1:42  Assimilator  
  21  1:47  Probe (Chrono Boost)  
  21  1:53  Pylon  
  22  1:58  Probe (Chrono Boost)  
  23  2:11  Mothership Core (Chrono Boost)  
  23  2:12  Adept  
  23  2:13  Warp Gate  
  28  2:30  Probe (Chrono Boost)  
  28  2:33  Twilight Council  
  28  2:37  Probe (Chrono Boost)  
  28  2:40  Probe (Chrono Boost)  
  30  2:48  Probe (Chrono Boost)  
  30  2:51  Probe (Chrono Boost)  
  33  2:58  Probe (Chrono Boost)  
  33  3:01  Probe (Chrono Boost)  
  34  3:09  Blink, Probe (Chrono Boost)  
  34  3:12  Probe (Chrono Boost)  
  36  3:17  Gateway  
  36  3:18  Gateway  
  36  3:19  Probe (Chrono Boost)  
  37  3:22  Probe (Chrono Boost)  
  38  3:27  Robotics Facility  
  38  3:30  Probe (Chrono Boost)  
  38  3:33  Probe (Chrono Boost)  
  40  3:40  Probe (Chrono Boost)  
  40  3:41  Pylon  
  41  3:43  Probe (Chrono Boost)  
  42  3:51  Probe (Chrono Boost)  
  42  3:54  Probe (Chrono Boost)  
  44  3:59  Nexus  
  44  4:01  Probe (Chrono Boost)  
  41  4:17  Stalker x2  
  41  4:18  Stalker  
  41  4:22  Probe (Chrono Boost)  
  41  4:23  Probe (Chrono Boost)  
  50  4:24  Observer  
  50  4:32  Pylon  
  50  4:33  Probe x2 (Chrono Boost)  
  50  4:34  Pylon  
  52  4:39  Pylon  
  52  4:42  Stalker  
  54  4:50  Observer, Probe x2 (Chrono Boost)  
  56  5:00  Probe (Chrono Boost)  
  56  5:01  Probe (Chrono Boost)  
  56  5:05  Stalker x3  
  63  5:08  Assimilator  
  63  5:11  Pylon, Probe x2 (Chrono Boost)  
  63  5:13  Assimilator  
  65  5:14  Probe (Chrono Boost)  
  65  5:21  Pylon  
  66  5:26  Probe x2 (Chrono Boost)  
  68  5:30  Stalker x3  
  74  5:39  Probe (Chrono Boost)  
  74  5:40  Pylon  
  74  5:42  Probe x2 (Chrono Boost)  
  77  5:49  Probe (Chrono Boost)  
  78  5:54  Probe (Chrono Boost)  
  77  6:00  Gateway  
  77  6:01  Gateway  
  77  6:02  Gateway  
  77  6:07  Gateway x2  
  77  6:10  Stalker, Probe x2 (Chrono Boost)  
  81  6:14  Stalker  
  83  6:19  Warp Prism (Chrono Boost)  
  83  6:23  Stalker  
  87  6:40  Pylon x2  
  87  6:42  Probe x2  
  87  6:43  Probe  
  90  6:52  Probe  
  91  6:55  Probe  
  91  6:56  Probe  
  91  6:59  Assimilator  
  91  7:00  Assimilator  
  93  7:03  Probe  
  93  7:07  Probe  
  95  7:08  Stalker x3  
  99  7:26  Stalker x4  
  107  7:32  Probe  
  107  7:34  Pylon  
  107  7:36  Pylon  
  108  7:37  Pylon  
  108  7:38  Stalker x4  
Show
View Real Time Build Order
Export as new Build Order

Miszu Terran 

Build Orders: Hellion Opening, Mech 

Get SALT Encoding   

  12  0:01  SCV  
  13  0:13  SCV  
  14  0:19  Supply Depot  
  14  0:25  SCV  
  15  0:41  SCV  
  16  0:43  Barracks  
  16  0:52  Refinery  
  16  0:53  SCV  
  17  1:05  SCV  
  18  1:18  SCV  
  19  1:30  Orbital Command  
  19  1:31  Marine  
  20  1:39  Command Center  
  20  1:47  Supply Depot  
  20  1:55  SCV  
  20  2:00  Factory  
  21  2:08  SCV  
  22  2:16  Barracks Reactor  
  22  2:20  SCV  
  23  2:32  SCV  
  24  2:37  Supply Depot  
  25  2:44  SCV  
  25  2:50  Orbital Command  
  25  2:56  SCV  
  30  2:58  Hellion x2  
  30  3:08  SCV  
  30  3:12  Barracks Reactor  
  31  3:13  Factory  
  31  3:16  SCV  
  36  3:20  Hellion x2, SCV  
  37  3:28  SCV  
  37  3:32  SCV  
  39  3:36  Supply Depot  
  39  3:40  SCV  
  44  3:41  Hellion x2  
  44  3:44  SCV  
  45  3:52  SCV  
  46  3:56  SCV  
  46  3:58  Supply Depot, Factory  
  49  4:03  Hellion x4  
  49  4:04  SCV  
  49  4:08  SCV  
  53  4:16  SCV  
  52  4:21  SCV  
  53  4:24  Hellion x2  
  53  4:28  Hellion x2, SCV  
  60  4:33  SCV  
  61  4:39  Command Center  
  61  4:44  Hellion  
  65  4:45  Hellion  
  65  4:46  Hellion  
  65  4:49  Hellion  
  63  5:02  Hellion  
  63  5:06  Factory Tech Lab  
  65  5:07  Hellion  
  65  5:08  SCV x2  
  65  5:12  Supply Depot, Refinery x2  
  65  5:13  Supply Depot  
  67  5:15  Hellion  
  67  5:19  Hellion  
  67  5:20  SCV  
  67  5:21  SCV  
  69  5:24  Hellion  
  70  5:33  Hellion, Siege Tank, SCV  
  70  5:34  SCV  
  77  5:36  Hellion  
  77  5:40  Hellion  
  81  5:45  Hellion, SCV  
  81  5:46  SCV  
  79  5:54  Orbital Command  
  79  5:55  Hellion  
  79  5:57  SCV  
  79  5:58  Hellion  
  79  6:02  Hellion  
  84  6:06  SCV  
  84  6:07  Hellion  
  84  6:09  SCV  
  88  6:12  Siege Tank  
  88  6:16  Hellion  
  88  6:17  Refinery  
  88  6:18  SCV  
  94  6:19  Hellion  
  94  6:20  SCV  
  94  6:22  SCV  
  94  6:23  Hellion  
  100  6:26  Factory  
  100  6:27  Factory  
  100  6:29  Armory  
  100  6:30  SCV  
  101  6:33  Armory  
  101  6:40  Refinery x2, Hellion, SCV x2  
  101  6:42  SCV  
  101  6:44  Hellion  
  108  6:49  Siege Tank  
  108  6:51  Hellion  
  108  6:52  Hellion  
  108  6:53  SCV  
  108  6:58  Supply Depot, SCV  
  109  7:02  Supply Depot  
  109  7:04  Supply Depot  
  109  7:11  SCV x2  
  109  7:13  Hellion x2  
  91  7:26  Factory Tech Lab  
  91  7:28  Hellion x2  
  97  7:34  Hellion, Factory Tech Lab  
  97  7:35  Factory Tech Lab  
  97  7:38  Hellion  
  97  7:40  Supply Depot x2  
  97  7:41  SCV x2  
  97  7:42  SCV  
Tags
 
Add a new tag
Caveats
  • Supply blocks, unpowered buildings, or Contaminate may cause inaccurate times.
  • Supply counts are checked every 10 seconds.